 Dungeon Crawl Stone Soup version 0.30-a0-371-gad7725a93e (webtiles) character file.

Game seed: 15084009477077339020

9692 avis the Skirmisher (level 11, 0/133 HPs)
             Began as a Demigod Ice Elementalist on Nov 21, 2022.
             Slain by a komodo dragon (14 damage)
             ... on level 2 of the Lair of Beasts on Nov 22, 2022.
             The game lasted 02:04:46 (13697 turns).

avis the Skirmisher (Demigod Ice Elementalist)     Turns: 13697, Time: 02:04:47

Health: 0/133      AC: 33    Str:  9    XL:     11   Next: 6%
Magic:  19/19      EV:  2    Int: 17    God:
Gold:   798        SH:  0    Dex: 32    Spells: 3/16 levels left

rFire   . . .      SeeInvis .    b - +0 arbalest
rCold   . . .      Faith    .    (shield currently unavailable)
rNeg    . . .      Spirit   .    (body armour currently unavailable)
rPois   +          Reflect  .    (helmet currently unavailable)
rElec   .          Harm     .    (cloak currently unavailable)
rCorr   .          Rampage  .    (gloves currently unavailable)
Will    +....      NoTele   +    (boots currently unavailable)
Stlth   ++........               r - amulet of regeneration
HPRegen 1.22/turn                g - ring of wizardry
MPRegen 0.16/turn                T - +6 ring of dexterity

@: confused, lethally poisoned (0 -> -5), ice-armoured, tree-form,
ambrosia-drunk, hasted, very quick
A: stationary, stasis, torment immunity, boosted hp, high MP 1, forlorn, divine
attributes
a: no special abilities


You were on level 2 of the Lair of Beasts.
You were a tree.
You visited 3 branches of the dungeon, and saw 13 of its levels.
You also visited: Sewer.

You collected 798 gold pieces.

Inventory:

Hand Weapons
 b - a +0 arbalest (weapon)
 w - a +3 scimitar of flaming
Missiles
 s - a throwing net
Armour
 j - a +2 robe of willpower (melded)
 y - a +0 pair of gloves (melded)
 I - a +0 helmet (melded)
Magical Staves
 a - a staff of cold
Jewellery
 g - a ring of wizardry (left branch)
 r - an amulet of regeneration (around neck)
 T - a +6 ring of dexterity (right branch)
Wands
 z - a wand of mindburst (35)
 E - a wand of charming (5)
 J - a wand of polymorph (7)
 L - a wand of digging (6)
 S - a wand of flame (24)
Scrolls
 h - 3 scrolls of enchant weapon {unknown}
 i - a scroll of butterflies {unknown}
 k - 2 scrolls of immolation {unknown}
 m - 3 scrolls of teleportation {unknown}
 q - 3 scrolls of fear {unknown}
 t - 2 scrolls of noise {unknown}
 v - 3 scrolls of blinking {unknown}
 x - a scroll of vulnerability {unknown}
 B - a scroll of silence {unknown}
 C - a scroll of summoning {unknown}
 F - a scroll of magic mapping {unknown}
 H - 3 scrolls of enchant armour {unknown}
 N - 4 scrolls of brand weapon {unknown}
Potions
 e - 5 potions of magic
 f - 3 potions of lignification
 l - 3 potions of haste
 n - 2 potions of resistance
 p - a potion of ambrosia
 A - a potion of might
 G - 2 potions of flight
 O - a potion of curing
 P - a potion of brilliance
 R - a potion of invisibility
 Y - 2 potions of berserk rage


   Skills:
 - Level 6.0 Fighting
 - Level 12.0 Ranged Weapons
 - Level 3.0 Armour
 - Level 5.0 Dodging
 * Level 4.6 Stealth
 - Level 3.0 Spellcasting
 - Level 2.0 Summonings
 - Level 6.0 Ice Magic


You had 3 spell levels left.
You knew the following spells:

 Your Spells              Type           Power      Damage    Failure   Level
a - Freeze                Ice            88%        1d9       1%          1
h - Ensorcelled Hibernat  Hex/Ice        24%        N/A       3%          2
o - Ozocubu's Armour      Ice            22%        N/A       1%          3
r - Frozen Ramparts       Ice            44%        1d7       1%          3
s - Summon Ice Beast      Ice/Summ       16%        N/A       13%         4

Your spell library contained the following spells:

 Spells                   Type           Power      Damage    Failure   Level
 Call Imp                 Summ           9%         N/A       4%          2
 Magic Dart               Conj           8%         1d3       7%          1
 Cigotuvi's Dreadful Rot  Necr/Pois/Air  4%         N/A       11%         2
 Passwall                 Tmut/Erth      1%         N/A       11%         2
 Inner Flame              Hex/Fire       2%         N/A       21%         3
 Mephitic Cloud           Conj/Pois/Air  2%         N/A       21%         3
 Spider Form              Tmut/Pois      2%         N/A       21%         3
 Swiftness                Air            2%         N/A       21%         3
 Vhi's Electric Charge    Tloc/Air       4%         N/A       21%         3
 Anguish                  Hex/Necr       1%         N/A       52%         4
 Dispel Undead            Necr           2%         3d7       52%         4
 Flame Wave               Conj/Fire      2%         2d4       52%         4
 Passage of Golubria      Tloc           2%         N/A       52%         4
 Sticky Flame             Conj/Fire      2%         2d3       52%         4
 Freezing Cloud           Conj/Ice/Air   4%         6-21      61%         5
 Summon Forest            Summ/Tloc      2%         N/A       75%         5
 Arcjolt                  Conj/Air       1%         1d11      86%         5
 Silence                  Hex/Air        1%         N/A       86%         5
 Simulacrum               Ice/Necr       6%         N/A       95%         6
 Death Channel            Necr           1%         N/A       100%        6
 Eringya's Noxious Bog    Tmut/Pois      1%         N/A       100%        6
 Summon Hydra             Summ           4%         N/A       100%        7
 Lehudib's Crystal Spear  Conj/Erth      1%         10d2      100%        8
 Maxwell's Capacitive Co  Air            1%         ∞         100%        8
 Polar Vortex             Ice            11%        N/A       100%        9


Dungeon Overview and Level Annotations

Branches:
Dungeon (10/15)            Temple (1/1) D:4            Lair (2/5) D:10
  Sewer (visited)
  Swamp: Lair:2-3    Shoals: Lair:2-3     Snake: Lair:2-3    Spider: Lair:2-3
    Orc: D:9-12


Innate Abilities, Weirdness & Mutations

You are a tree.
Your roots penetrate the ground, keeping you stationary.
You cannot be teleported.
You are immune to unholy pain and torment.
Your maximum health is greatly increased.
Your equipment is partially melded.
You have an increased reservoir of magic. (+10% MP)
You shall have no god before yourself.
Your divine heritage dramatically boosts your attributes as you level up.


Message History

* * * LOW HITPOINT WARNING * * *
The black mamba bites you but does no damage.
You feel better.
The black mamba bites you but does no damage.
The komodo dragon bites you but does no damage.
Fire: b) +0 arbalest
Press: ? - help, Q - select action, (/) - cycle Shift-Dir - straight line, f/p - black mamba
Aim: a black mamba (60% to hit)
You shoot a bolt. The bolt misses the black mamba.
The black mamba bites you.
* * * LOW HITPOINT WARNING * * *
The black mamba bites you but does no damage.
The komodo dragon bites you.
* * * LOW HITPOINT WARNING * * *
You feel better.
The black mamba bites you but does no damage.
Fire: b) +0 arbalest
Press: ? - help, Q - select action, (/) - cycle Shift-Dir - straight line, f/p - black mamba
Aim: a black mamba (60% to hit)
You shoot a bolt. The bolt hits the black mamba!
The black mamba is moderately wounded.
The black mamba bites you!
* * * LOW HITPOINT WARNING * * *
The komodo dragon bites you but does no damage.
The black mamba barely misses you.
You are confused.
You feel invigorated.
The komodo dragon bites you but does no damage.
The black mamba bites you but does no damage.
The black mamba bites you.
* * * LOW HITPOINT WARNING * * *
You are poisoned.
The black mamba poisons you! The komodo dragon bites you.
* * * LOW HITPOINT WARNING * * *
You feel very sick. The black mamba barely misses you.
You feel sick.
The black mamba bites you but does no damage.
The komodo dragon bites you!
You die...

.##............
...............
........................
..............~~~~~.~...
Y...........~~~≈~≈≈≈~...
.Y.........~~~~~~~≈≈~~..
............~≈≈†S)≈≈≈~..
..Y........~~≈~~♣.≈≈~...
............~≈≈l~.~≈≈~..
S.<.........~≈≈~~~~≈~~..
............~≈≈~~≈~~~...
............~~~~~≈~~~...
................~~..#...
.............##.#.#.....
............. .. .......
#..#P.....


You could see a komodo dragon and a black mamba.

Vanquished Creatures
  Erica (Lair:1)
  Maggie (Lair:2)
  Psyche (D:8)
  A komodo dragon (D:10)
  A troll (D:9)
  Grinder (D:5)
  A blink frog (Lair:1)
  A wyvern (D:10)
  10 yaks
  Eustachio (D:6)
  A wraith (D:10)
  Grum (D:10)
  A basilisk (Lair:1)
  A steam dragon (D:9)
  4 vampire mosquitoes (D:9)
  Menkaure (D:7)
  2 water moccasins
  3 orc warriors
  Pargi (Sewer)
  An ice beast (D:8)
  4 black bears
  2 centaurs
  4 wolves (D:10)
  5 ogres
  A phantom (D:5)
  3 kobold brigands
  A necrophage (D:3)
  8 bullfrogs
  2 scorpions
  11 wights
  9 killer bees
  4 howler monkeys
  A crimson imp (D:7)
  5 orc priests
  A gnoll bouda (D:8)
  A hound (D:4)
  A jelly (D:7)
  Ijyb (D:5)
  2 iguanas
  6 orc wizards
  A mummy (D:9)
  7 gnolls
  9 adders
  A white imp (D:5)
  5 worms
  2 dart slugs
  28 orcs
  8 ball pythons
  4 endoplasms
  6 giant cockroaches
  4 hobgoblins
  5 jackals
  2 quokkas
  6 bats
  5 frilled lizards
  8 goblins
  16 kobolds
  10 rats
  A spectral hobgoblin (D:10)
235 creatures vanquished.

Vanquished Creatures (others)
  6 fungi
  4 plants
10 creatures vanquished.

Grand Total: 245 creatures vanquished

Notes
Turn   | Place    | Note
-------+----------+-------------------------------------------
     0 | D:1      | avis the Demigod Ice Elementalist began the quest for the
                  | Orb.
     0 | D:1      | Reached XP level 1. HP: 14/14 MP: 5/5
   852 | D:1      | Reached XP level 2. HP: 20/20 MP: 7/7
  1549 | D:1      | Reached skill level 1 in Fighting
  1637 | D:2      | Reached XP level 3. HP: 21/28 MP: 4/9
  1800 | D:2      | Learned a level 3 spell: Ozocubu's Armour
  1804 | D:2      | Learned a level 3 spell: Frozen Ramparts
  2350 | D:3      | Noticed a necrophage
  2363 | D:3      | Killed a necrophage
  2364 | D:3      | Reached skill level 5 in Ice Magic
  2364 | D:3      | Reached XP level 4. HP: 33/35 MP: 7/11
  2475 | D:3      | Learned a level 2 spell: Ensorcelled Hibernation
  2525 | D:3      | Reached XP level 5. HP: 29/41 MP: 5/12
  4020 | D:4      | Noticed a black bear
  4029 | D:4      | Killed a black bear
  4030 | D:4      | Reached XP level 6. HP: 48/48 MP: 6/13
  4222 | D:4      | Found a staircase to the Ecumenical Temple.
  4548 | D:4      | Reached skill level 1 in Ranged Weapons
  4748 | D:4      | You fall into a shaft and drop 2 floors!
  4844 | D:6      | Found a glowing drain.
  4870 | Sewer    | Entered a sewer
  4974 | Sewer    | Noticed Pargi
  4988 | Sewer    | Killed Pargi
  4989 | Sewer    | Reached skill level 2 in Ranged Weapons
  5091 | D:6      | Noticed Eustachio
  5121 | D:6      | Killed Eustachio
  5122 | D:6      | Reached skill level 3 in Ranged Weapons
  5122 | D:6      | Reached XP level 7. HP: 55/57 MP: 14/14
  5212 | D:5      | Entered Level 5 of the Dungeon
  5578 | D:5      | Reached skill level 4 in Ranged Weapons
  5934 | D:5      | Noticed Ijyb
  5948 | D:5      | Killed Ijyb
  6103 | D:5      | Noticed Grinder
  6116 | D:5      | Paralysed by Grinder for 3 turns
  6136 | D:5      | Paralysed by Grinder for 2 turns
  6141 | D:5      | Killed Grinder
  6142 | D:5      | Reached skill level 5 in Ranged Weapons
  6446 | D:6      | Reached XP level 8. HP: 66/66 MP: 15/15
  6645 | D:6      | Reached skill level 6 in Ranged Weapons
  7063 | Temple   | Entered the Ecumenical Temple
  7121 | D:7      | Reached skill level 5 in Fighting
  7663 | D:7      | Reached skill level 7 in Ranged Weapons
  7754 | D:7      | Noticed Menkaure
  7761 | D:7      | Killed Menkaure
  7921 | D:7      | Reached skill level 8 in Ranged Weapons
  8004 | D:7      | Reached skill level 1 in Armour
  8153 | D:7      | Reached XP level 9. HP: 68/74 MP: 16/16
  8854 | D:8      | Noticed Psyche
  8868 | D:8      | Killed Psyche
  8879 | D:8      | Reached skill level 9 in Ranged Weapons
  9653 | Temple   | Learned a level 4 spell: Summon Ice Beast
  9839 | D:9      | Reached skill level 10 in Ranged Weapons
  9841 | D:9      | Reached skill level 1 in Summonings
  9907 | D:9      | Noticed an angel
 10580 | D:9      | Reached XP level 10. HP: 74/81 MP: 10/17
 10808 | D:9      | Reached skill level 5 in Dodging
 11280 | D:10     | Entered Level 10 of the Dungeon
 11569 | D:10     | Found a staircase to the Lair.
 11868 | D:10     | Noticed Grum
 11876 | D:10     | Killed Grum
 12001 | D:10     | Reached skill level 11 in Ranged Weapons
 12432 | Lair:1   | Entered Level 1 of the Lair of Beasts
 12564 | Lair:1   | Noticed Erica
 12584 | Lair:1   | Killed Erica
 12585 | Lair:1   | Reached skill level 12 in Ranged Weapons
 12682 | Lair:1   | Reached XP level 11. HP: 81/89 MP: 10/19
 13631 | Lair:2   | Noticed a death yak
 13665 | Lair:2   | Noticed Maggie
 13675 | Lair:2   | Killed Maggie
 13697 | Lair:2   | Slain by a komodo dragon

Illustrated notes

Levels and vault maps discovered:
D:1:      sevenhm_arrival_forest_fort_large_2, layout_basic
D:2:      minmay_wonky_spiral, layout_basic, minmay_misc_feat_encased
D:3:      minmay_octagon_keep, layout_basic
D:4:      layout_basic, minmay_temple_entry_large_hall,
          nicolae_concentric_dashed_squares_mild
D:5:      layout_basic, st_stairs_11, uniq_ijyb, uniq_grinder
D:6:      layout_basic, nicolae_qazlal_general_emergency,
          cheibrodos_sewer_entry_drain, uniq_eustachio
D:7:      layout_rooms, grunt_temple_overflow_lords_of_destruction,
          uniq_menkaure
D:8:      layout_gridville, uniq_psyche
D:9:      layout_long_grid, grunt_temple_overflow_order_and_chaos_1,
          slow_altar_2, serial_rivers, chequers_serial_rivers_micro_e,
          chequers_serial_rivers_micro_d, chequers_serial_rivers_micro_b,
          chequers_serial_rivers_small_a, chequers_serial_rivers_micro_e
D:10:     layout_stronghold, nicolae_hepliaklqana_monster_ancestors,
          ashenzari_altar_1, grunt_lair_entry_orc_guard_hut, uniq_grum
Temple:   nicolae_temple_ecumenical_triangle
Lair:1:   layout_small_grid, st_stairs_5, chequers_serial_rivers_large_a,
          uniq_erica
Lair:2:   beast_lair_carwin_large_2, layout_regular_city,
          spider_nest_entry_web_field, lemuel_fruit_tree,
          infiniplex_staircase_pool_2, uniq_maggie

Skill      XL: |  1  2  3  4  5  6  7  8  9 10 11 |
---------------+----------------------------------+-----
Ice Magic      | 4 5 6 |  6.0
Spellcasting   | 2 3 |  3.0
Fighting       | 1 2 3 4 5 6 |  6.0
Ranged Weapons | 3 5 8 10 12 | 12.0
Dodging        | 2 4 5 |  5.0
Stealth        | 2 3 4 |  4.6
Armour         | 1 3 |  3.0
Summonings     | 2 |  2.0

Action                   |  1- 3 |  4- 6 |  7- 9 | 10-12 || total
-------------------------+-------+-------+-------+-------++-------
Melee: Hand axe          |     8 |    13 |    24 |       ||    45
       Staff             |       |     8 |    22 |       ||    30
       Punch             |       |     1 |       |       ||     1
       Dagger            |       |       |    17 |       ||    17
       Scimitar          |       |       |     4 |       ||     4
       Unarmed           |       |       |    13 |       ||    13
 Fire: Sling             |    62 |   115 |   170 |       ||   347
       Shortbow          |       |       |    38 |    87 ||   125
       Arbalest          |       |       |       |    81 ||    81
 Cast: Freeze            |    28 |     3 |       |       ||    31
       Ozocubu's Armour  |     1 |    19 |    49 |    19 ||    88
       Frozen Ramparts   |       |    26 |    56 |    24 ||   106
  Use: Scroll            |       |       |    11 |     5 ||    16
       Potion            |       |       |       |     8 ||     8
 Stab: Sleeping          |       |       |     1 |       ||     1
Armor: Robe              |     6 |    16 |    40 |    43 ||   105
       Troll leather arm |       |     8 |    29 |       ||    37
       Skin              |       |       |     1 |    17 ||    18
Dodge: Dodged            |    19 |    41 |   137 |   123 ||   320

Table legend: (Time is in decaauts)
 A = Elapsed time spent in this place.
 B = Non-inter-level travel time spent in this place.
 C = Inter-level travel time spent in this place.
 D = Time resting spent in this place.
 E = Time spent auto-exploring this place.
 F = Levels seen in this place.
 G = Mean time per level.
                   A        B        C        D        E       F      G
               +--------+--------+--------+--------+--------+-----+--------+
         Total |  13749 |  12007 |   1742 |   3141 |   5719 |  14 |  982.1 |
       Dungeon |  12401 |  10769 |   1632 |   2971 |   5050 |  10 | 1240.1 |
        Temple |     56 |     49 |      7 |      0 |      0 |   1 |   56.0 |
          Lair |   1082 |    980 |    102 |    164 |    569 |   2 |  541.0 |
         Sewer |    208 |    208 |      0 |      6 |    100 |   1 |  208.0 |
               +--------+--------+--------+--------+--------+-----+--------+

Top non-repeatable levels by time:
     D:1: 1586 daAuts
     D:3: 1505 daAuts
     D:8: 1437 daAuts
     D:9: 1421 daAuts
     D:4: 1308 daAuts
     D:6: 1205 daAuts
    D:10: 1088 daAuts
  Lair:1: 1045 daAuts
     D:7: 1001 daAuts
     D:5: 951 daAuts
     D:2: 894 daAuts
   Sewer: 208 daAuts
  Temple: 56 daAuts
  Lair:2: 37 daAuts
